Blue Jackets vs Red Wings

Created - December 7, 2018 at 19:06

Goals
1 2 3 OT1 T
Blue Jackets 1 2 1 1 5
Red Wings 2 2 0 0 4
Shots
1 2 3 OT1 T
Blue Jackets 11 7 15 1 34
Red Wings 18 9 9 0 36

1st period

1. Blue Jackets , Pavel Datsyuk 14 (Martin Havlat 25) at 7:27
2. Red Wings , Sean Bergenheim 6 (Phil Kessel 13, Tyler Seguin 4) at 9:10
3. Red Wings , Nate Thompson 4 (Ales Hemsky 6, Phil Kessel 14) at 13:09

Penalties :
Dennis Wideman (Clb) for Hooking (Minor) at 18:22

2nd period

4. Blue Jackets , Mike Brown 7 (Peter Mueller 7) at 11:14
5. Blue Jackets , Mike Brown 8 (Pavel Datsyuk 22) at 12:24
6. Red Wings , Mike Richards 14 (Adam Henrique 13, Jiri Fischer 9) at 12:36
7. Red Wings , Brent Seabrook 5 (Mike Richards 13) at 12:40

Penalties :
Branislav Mezei (Clb) for Hooking (Minor) at 3:47, Branislav Mezei (Clb) for Hooking (Minor) at 15:10

3rd period

8. Blue Jackets , Mike York 3 (Andreas Nodl 8, Mike Comrie 7) at 15:31

Penalties :
Brent Seabrook (Det) for Hooking (Minor) at 0:37, Philip Samuelsson (Det) for Hooking (Minor) at 9:16

Overtime #1

9. Blue Jackets , David Booth 11 (Pavel Datsyuk 23, Mike Lundin 18) at 0:11

Penalties :
No Penalty

Goalie Stats

Rick DiPietro (Clb), 32 saves from 36 shots - (0.889), W, 9-12-3, 60:11 minutes
James Reimer (Det), 29 saves from 34 shots - (0.853), OTL, 7-3-3, 60:11 minutes

Players Stats for Blue Jackets

Player Name              G  A  P  +/- PIM S  H  SB GA TA FO     MP     PP MP  PK MP  
------------------------------------------------------------------------------------
A.J Thelen               0  0  0   1  0   0  0  0  0  0  0/0    13:01   0:00   2:16 
Andreas Nodl             0  1  1   1  0   1  1  0  0  1  0/0    10:52   0:00   0:00 
Andrew Gordon            0  0  0  -1  0   2  2  0  1  0  0/0     7:43   0:00   0:00 
Branislav Mezei          0  0  0   2  4   0  1  1  0  0  0/0    21:14   1:59   1:59 
David Booth              1  0  1   3  0   2  0  0  0  0  1/1    15:35   2:07   0:48 
Dennis Wideman           0  0  0  -2  2   7  0  0  1  0  0/0    26:46   1:59   1:42 
Marcus Nilson            0  0  0  -2  0   3  1  0  0  0  0/1    20:11   1:51   0:07 
Martin Havlat            0  1  1  -2  0   5  1  0  2  0  1/1    24:08   2:07   3:29 
Mike Brown               2  0  2   2  0   2  1  0  1  0  1/2    15:43   1:51   0:43 
Mike Comrie              0  1  1   1  0   0  2  0  0  0  5/11   15:16   0:00   3:59 
Mike Lundin              0  1  1  -2  0   0  4  2  0  0  0/0    29:28   1:59   3:53 
Mike York                1  0  1   1  0   2  1  0  1  0  0/1    12:12   0:00   1:20 
Patrick O'Sullivan       0  0  0  -1  0   0  0  0  0  0  6/6     8:00   0:00   0:28 
Pavel Datsyuk            1  2  3  -1  0   3  1  1  1  0  12/36  22:05   2:07   1:00 
Peter Mueller            0  1  1   2  0   4  0  1  1  0  7/12   14:09   1:51   0:00 
Rostislav Olesz          0  0  0  -1  0   2  1  0  1  0  0/0     7:32   0:00   0:00 
Ryan Wilson              0  0  0   1  0   0  0  1  0  0  0/0    10:38   0:00   0:00 
Torey Krug               0  0  0   2  0   1  2  2  0  2  0/0    20:11   1:59   2:04 

Players Stats for Red Wings

Player Name              G  A  P  +/- PIM S  H  SB GA TA FO     MP     PP MP  PK MP  
------------------------------------------------------------------------------------
Adam Henrique            0  1  1  -1  0   2  2  1  0  0  1/1    18:26   1:40   0:00 
Ales Hemsky              0  1  1   1  0   0  0  0  0  1  0/0     9:13   1:12   0:00 
Alex Picard              0  0  0  -1  0   2  0  0  0  0  0/0    10:26   0:20   0:08 
Brent Seabrook           1  0  1   0  2   3  1  1  0  1  0/0    22:31   3:22   0:45 
Carson Mcmillan          0  0  0  -1  0   0  1  0  0  0  0/0    12:14   0:21   1:52 
Chris Kelly              0  0  0  -1  0   4  2  0  1  0  6/10   13:51   1:43   1:52 
Jiri Fischer             0  1  1   0  0   3  1  0  0  3  0/0    20:22   0:08   2:06 
Lubomir Visnovsky        0  0  0   0  0   0  1  0  0  0  0/0    15:44   0:00   1:52 
Michael Haley            0  0  0   1  0   0  1  0  0  0  0/1     9:33   0:00   1:51 
Mike Richards            1  1  2  -1  0   4  1  0  0  0  15/25  20:18   3:28   0:00 
Nate Thompson            1  0  1   1  0   3  0  0  0  0  1/6     7:42   0:00   0:00 
Ole-Kristian Tollefsen   0  0  0  -1  0   0  0  0  0  3  0/0    22:18   2:27   2:06 
Phil Kessel              0  2  2   0  0   4  0  0  1  0  0/1    18:43   3:15   0:00 
Philip Samuelsson        0  0  0  -1  2   2  3  2  0  0  0/0    23:13   3:30   1:07 
Ryan Whitney             0  0  0   0  0   2  2  0  1  0  0/0    16:19   2:27   0:00 
Sean Bergenheim          1  0  1   0  0   5  1  1  0  0  1/1    20:38   3:12   1:58 
Tyler Seguin             0  1  1   0  0   2  0  0  0  1  14/25  16:58   1:00   0:15 
Tyler Toffoli            0  0  0   0  0   0  2  0  0  0  0/1    18:15   1:40   0:00 

3 Stars

1 - Mike Brown (Clb)
2 - Pavel Datsyuk (Clb)
3 - David Booth (Clb)

Power Play

Blue Jackets - 0 on 2 Attempt(s) - 0.00%
Red Wings - 0 on 3 Attempt(s) - 0.00%

Penalty Kill

Blue Jackets - 3 on 3 Attempt(s) - 100.00% - Score 0 goal in Penalty Kill
Red Wings - 2 on 2 Attempt(s) - 100.00% - Score 0 goal in Penalty Kill

Team Stat

Blue Jackets - Hits : 18 - Faceoff Wins : 33 - Blocked Shots : 8 - Penalty Minutes : 6
Red Wings - Hits : 18 - Faceoff Wins : 38 - Blocked Shots : 5 - Penalty Minutes : 4

Official

Referees : Unknown
Linesman : Unknown

Game Notes

15:31 of 3rd period - Blue Jackets goal is going for a video replay. After video review, Goal.

Finance

Level 1 -- Attendance: 6000 (100.00%) -- Ticket Income $522,000
Level 2 -- Attendance: 5000 (100.00%) -- Ticket Income $280,000
Level 3 -- Attendance: 1590 (79.50%) -- Ticket Income $60,420
Level 4 -- Attendance: 3325 (83.13%) -- Ticket Income $93,100
Luxury Box -- Attendance: 927 (92.70%) -- Ticket Income $152,955
Game was played at the Joe Louis Arena.
Total Attendance: 16842 (93.57%)
Total Ticket Income: $1,108,475
Other Income: $166,271
Total Income: $1,274,746

Blue Jackets

5 vs 5 Forward 
   Center                   Left Wing                Right Wing               Time % Phy DF OF 
 1 Pavel Datsyuk            Marcus Nilson            Martin Havlat            40     1   2  2  
 2 Peter Mueller            David Booth              Mike Brown               30     1   2  2  
 3 Mike Comrie              Mike York                Andreas Nodl             20     1   2  2  
 4 Patrick O'Sullivan       Rostislav Olesz          Andrew Gordon            10     1   2  2  

5 vs 5 Defense 
   Defense                  Defense                                           Time % Phy DF OF 
 1 Mike Lundin              Dennis Wideman                                    40     1   2  2  
 2 Torey Krug               Branislav Mezei                                   30     1   2  2  
 3 Ryan Wilson              A.J Thelen                                        20     1   2  2  
 4 Mike Lundin              Dennis Wideman                                    10     1   2  2  

PowerPlay Forward 
   Center                   Left Wing                Right Wing               Time % Phy DF OF 
 1 Pavel Datsyuk            David Booth              Martin Havlat            60     1   2  2  
 2 Peter Mueller            Marcus Nilson            Mike Brown               40     1   2  2  

PowerPlay Defense
   Defense                  Defense                                           Time % Phy DF OF 
 1 Mike Lundin              Dennis Wideman                                    60     1   2  2  
 2 Torey Krug               Branislav Mezei                                   40     1   2  2  

Penalty Kill 4 Players Forward 
   Center                   Wing                     Time % Phy DF OF 
 1 Mike Comrie              Martin Havlat            60     1   2  2  
 2 Pavel Datsyuk            Mike Brown               40     1   2  2  

Penalty Kill 4 Players Defense
   Defense                  Defense                  Time % Phy DF OF 
 1 Mike Lundin              Branislav Mezei          60     1   2  2  
 2 Torey Krug               Dennis Wideman           40     1   2  2  

Penalty Kill - 3 Players Forward 
   Forward                                           Time % Phy DF OF 
 1 Mike Comrie                                       60     1   2  2  
 2 Pavel Datsyuk                                     40     1   2  2  

Penalty Kill - 3 Players Defense
   Defense                  Defense                  Time % Phy DF OF 
 1 Mike Lundin              Branislav Mezei          60     1   2  2  
 2 Torey Krug               Dennis Wideman           40     1   2  2  

4 vs 4 Forward 
   Center                   Wing                     Time % Phy DF OF 
 1 Pavel Datsyuk            David Booth              60     1   2  2  
 2 Peter Mueller            Martin Havlat            40     1   2  2  

4 vs 4 Defense
   Defense                  Defense                  Time % Phy DF OF 
 1 Mike Lundin              Dennis Wideman           60     1   2  2  
 2 Torey Krug               Branislav Mezei          40     1   2  2  

Last Minutes Offensive
   Center                   Left Wing                Right Wing               Defense                  Defense                  
   Pavel Datsyuk            David Booth              Martin Havlat            Mike Lundin              Dennis Wideman           

Last Minutes Defensive
   Center                   Left Wing                Right Wing               Defense                  Defense                  
   Pavel Datsyuk            David Booth              Martin Havlat            Mike Lundin              Dennis Wideman           

Goaltenders
Starting : Rick DiPietro            
Backup : Marek Schwarz            

Extra Forwards
Normal : Andreas Nodl, Pavel Datsyuk, Mike York - PP : Andreas Nodl, Martin Havlat - PK : Mike York
Extra Defensemen
Normal : Ryan Wilson, A.J Thelen, Torey Krug - PP : Ryan Wilson - PK : A.J Thelen, Torey Krug
Penalty Shots
Pavel Datsyuk, David Booth, Martin Havlat, Mike Comrie, Mike Brown

Scratches
Kevin Porter (Healthy)

Red Wings

5 vs 5 Forward 
   Center                   Left Wing                Right Wing               Time % Phy DF OF 
 1 Mike Richards            Adam Henrique            Tyler Toffoli            36     0   2  3  
 2 Tyler Seguin             Sean Bergenheim          Phil Kessel              36     0   2  3  
 3 Chris Kelly              Alex Picard              Carson Mcmillan          20     0   3  2  
 4 Nate Thompson            Michael Haley            Ales Hemsky              8      1   2  2  

5 vs 5 Defense 
   Defense                  Defense                                           Time % Phy DF OF 
 1 Brent Seabrook           Jiri Fischer                                      35     0   3  2  
 2 Ole-Kristian Tollefsen   Philip Samuelsson                                 35     0   3  2  
 3 Lubomir Visnovsky        Ryan Whitney                                      20     0   3  2  
 4 Lubomir Visnovsky        Ryan Whitney                                      10     0   3  2  

PowerPlay Forward 
   Center                   Left Wing                Right Wing               Time % Phy DF OF 
 1 Mike Richards            Sean Bergenheim          Phil Kessel              55     0   1  4  
 2 Tyler Seguin             Adam Henrique            Tyler Toffoli            45     0   1  4  

PowerPlay Defense
   Defense                  Defense                                           Time % Phy DF OF 
 1 Philip Samuelsson        Brent Seabrook                                    60     0   2  3  
 2 Ole-Kristian Tollefsen   Ryan Whitney                                      40     0   2  3  

Penalty Kill 4 Players Forward 
   Center                   Wing                     Time % Phy DF OF 
 1 Michael Haley            Sean Bergenheim          50     1   2  2  
 2 Chris Kelly              Carson Mcmillan          50     1   2  2  

Penalty Kill 4 Players Defense
   Defense                  Defense                  Time % Phy DF OF 
 1 Lubomir Visnovsky        Philip Samuelsson        50     1   2  2  
 2 Jiri Fischer             Ole-Kristian Tollefsen   50     1   2  2  

Penalty Kill - 3 Players Forward 
   Forward                                           Time % Phy DF OF 
 1 Carson Mcmillan                                   60     1   2  2  
 2 Michael Haley                                     40     1   2  2  

Penalty Kill - 3 Players Defense
   Defense                  Defense                  Time % Phy DF OF 
 1 Lubomir Visnovsky        Philip Samuelsson        50     1   2  2  
 2 Jiri Fischer             Ole-Kristian Tollefsen   50     1   2  2  

4 vs 4 Forward 
   Center                   Wing                     Time % Phy DF OF 
 1 Mike Richards            Adam Henrique            60     1   2  2  
 2 Tyler Seguin             Phil Kessel              40     1   2  2  

4 vs 4 Defense
   Defense                  Defense                  Time % Phy DF OF 
 1 Brent Seabrook           Jiri Fischer             60     1   2  2  
 2 Ole-Kristian Tollefsen   Philip Samuelsson        40     1   2  2  

Last Minutes Offensive
   Center                   Left Wing                Right Wing               Defense                  Defense                  
   Mike Richards            Adam Henrique            Phil Kessel              Brent Seabrook           Philip Samuelsson        

Last Minutes Defensive
   Center                   Left Wing                Right Wing               Defense                  Defense                  
   Chris Kelly              Sean Bergenheim          Carson Mcmillan          Jiri Fischer             Lubomir Visnovsky        

Goaltenders
Starting : James Reimer             
Backup : John Gibson              

Extra Forwards
Normal : Adam Henrique, Tyler Seguin, Chris Kelly - PP : Chris Kelly, Ales Hemsky - PK : Chris Kelly
Extra Defensemen
Normal : Brent Seabrook, Philip Samuelsson, Lubomir Visnovsky - PP : Jiri Fischer - PK : Brent Seabrook, Ole-Kristian Tollefsen
Penalty Shots
Phil Kessel, Mike Richards, Tyler Seguin, Carson Mcmillan, Alex Picard

Scratches
Brendan Bell (Healthy), Oleg Saprykin (Healthy)

% Time on Ice - Blue Jackets

Lines # - Real PCT - Wanted PCT - Time Play
Normal Forward
1 - 38% - 40% - 18:57
2 - 26% - 30% - 12:55
3 - 21% - 20% - 10:41
4 - 15% - 10% - 7:32
Normal Defense
1 - 41% - 40% - 20:19
2 - 31% - 30% - 15:44
3 - 21% - 20% - 10:32
4 - 7% - 10% - 3:30
PP Forward
1 - 53% - 60% - 2:07
2 - 47% - 40% - 1:51
PP Defense
1 - 50% - 60% - 1:59
2 - 50% - 40% - 1:59
PK Forward
1 - 83% - 60% - 4:57
2 - 17% - 40% - 1:00
PK Defense
1 - 79% - 60% - 4:43
2 - 21% - 40% - 1:14
PK3 Forward
1 - 0% - 60%
2 - 0% - 40%
PK3 Defense
1 - 0% - 60%
2 - 0% - 40%
44 Forward
1 - 100% - 60% - 0:11
2 - 0% - 40% - 0:00
44 Defense
1 - 100% - 60% - 0:11
2 - 0% - 40% - 0:00
Last Minute Offensive  - 0:00
Last Minute Defensive  - 0:00
Total
Forward - 60:11
Defense - 60:11

% Time on Ice - Red Wings

Lines # - Real PCT - Wanted PCT - Time Play
Normal Forward
1 - 34% - 36% - 17:02
2 - 31% - 36% - 15:27
3 - 20% - 20% - 9:54
4 - 15% - 8% - 7:42
Normal Defense
1 - 36% - 35% - 18:02
2 - 35% - 35% - 17:45
3 - 21% - 20% - 10:23
4 - 8% - 10% - 3:55
PP Forward
1 - 69% - 55% - 4:05
2 - 31% - 45% - 1:52
PP Defense
1 - 59% - 60% - 3:30
2 - 41% - 40% - 2:27
PK Forward
1 - 53% - 50% - 2:06
2 - 47% - 50% - 1:52
PK Defense
1 - 47% - 50% - 1:52
2 - 53% - 50% - 2:06
PK3 Forward
1 - 0% - 60%
2 - 0% - 40%
PK3 Defense
1 - 0% - 50%
2 - 0% - 50%
44 Forward
1 - 100% - 60% - 0:11
2 - 0% - 40% - 0:00
44 Defense
1 - 100% - 60% - 0:11
2 - 0% - 40% - 0:00
Last Minute Offensive  - 0:00
Last Minute Defensive  - 0:00
Total
Forward - 60:11
Defense - 60:11

Play by Play

1st period


0:01 of 1st period - Pavel Datsyuk wins face-off versus Mike Richards in neutral zone.
0:12 of 1st period - Snap shot by Pavel Datsyuk.
0:12 of 1st period - Stopped by James Reimer without a rebound.
0:13 of 1st period - Tyler Seguin wins face-off versus Peter Mueller in Red Wings zone.
0:51 of 1st period - Icing by Branislav Mezei.
0:52 of 1st period - Mike Comrie wins face-off versus Mike Richards in Blue Jackets zone.
1:10 of 1st period - Off-side.
1:11 of 1st period - Pavel Datsyuk wins face-off versus Nate Thompson in neutral zone.
1:20 of 1st period - Wrist shot by Marcus Nilson.
1:20 of 1st period - Stopped by James Reimer with a rebound.
1:36 of 1st period - Snap shot by Adam Henrique.
1:36 of 1st period - Stopped by Rick DiPietro without a rebound.
1:37 of 1st period - Patrick O'Sullivan wins face-off versus Mike Richards in Blue Jackets zone.
1:37 of 1st period - Patrick O'Sullivan is hit by Tyler Toffoli.
2:27 of 1st period - Wrist shot by Chris Kelly.
2:27 of 1st period - Stopped by Rick DiPietro with a rebound.
2:29 of 1st period - Slapshot by Lubomir Visnovsky.
2:29 of 1st period - Shot Misses the Net.
3:05 of 1st period - Rostislav Olesz is hit by Tyler Toffoli.
3:29 of 1st period - Branislav Mezei is hit by Jiri Fischer.
3:48 of 1st period - Philip Samuelsson is hit by Marcus Nilson and loses puck.
4:11 of 1st period - Andreas Nodl is hit by Mike Richards and loses puck.
4:34 of 1st period - Ole-Kristian Tollefsen is hit by Andrew Gordon and loses puck.
4:39 of 1st period - Wrist shot by Rostislav Olesz.
4:39 of 1st period - Stopped by James Reimer without a rebound.
4:40 of 1st period - Tyler Seguin wins face-off versus Pavel Datsyuk in Red Wings zone.
4:51 of 1st period - Lubomir Visnovsky is hit by Mike Lundin and loses puck.
5:28 of 1st period - Backhand shot by Chris Kelly.
5:28 of 1st period - Stopped by Rick DiPietro with a rebound.
5:56 of 1st period - Snap shot by Rostislav Olesz.
5:56 of 1st period - Stopped by James Reimer without a rebound.
5:57 of 1st period - Tyler Seguin wins face-off versus Pavel Datsyuk in Red Wings zone.
6:09 of 1st period - Snap shot by Phil Kessel.
6:09 of 1st period - Shot Misses the Net.
6:29 of 1st period - Slapshot by David Booth.
6:29 of 1st period - Shot Misses the Net.
6:53 of 1st period - Slapshot by Dennis Wideman.
6:53 of 1st period - Stopped by James Reimer with a rebound.
7:23 of 1st period - Wrist shot by Andreas Nodl.
7:23 of 1st period - Stopped by James Reimer without a rebound.
7:24 of 1st period - Pavel Datsyuk wins face-off versus Tyler Seguin in Red Wings zone.
7:27 of 1st period - Snap shot by Pavel Datsyuk.
7:27 of 1st period - Goal by Pavel Datsyuk - Blue Jackets : 1 - Red Wings : 0.
7:28 of 1st period - Tyler Seguin wins face-off versus Pavel Datsyuk in neutral zone.
8:04 of 1st period - Snap shot by David Booth.
8:04 of 1st period - Shot Misses the Net.
8:53 of 1st period - Snap shot by Pavel Datsyuk.
8:53 of 1st period - Deflect By Martin Havlat.
8:53 of 1st period - Stopped by James Reimer without a rebound.
8:54 of 1st period - Peter Mueller wins face-off versus Tyler Toffoli in Red Wings zone.
9:04 of 1st period - Off-side.
9:05 of 1st period - Tyler Seguin wins face-off versus Pavel Datsyuk in neutral zone.
9:10 of 1st period - Snap shot by Phil Kessel.
9:10 of 1st period - Deflect By Sean Bergenheim.
9:10 of 1st period - Goal by Sean Bergenheim - Blue Jackets : 1 - Red Wings : 1.
9:11 of 1st period - Tyler Seguin wins face-off versus Pavel Datsyuk in neutral zone.
9:16 of 1st period - Snap shot by Sean Bergenheim.
9:16 of 1st period - Shot Blocked by Mike Lundin.
9:18 of 1st period - Snap shot by Tyler Seguin.
9:18 of 1st period - Shot Misses the Net.
9:20 of 1st period - Wrist shot by Brent Seabrook.
9:20 of 1st period - Shot Misses the Net.
9:22 of 1st period - Slapshot by Jiri Fischer.
9:22 of 1st period - Stopped by Rick DiPietro with a rebound.
9:24 of 1st period - Slapshot by Brent Seabrook.
9:24 of 1st period - Shot Misses the Net.
9:26 of 1st period - Slapshot by Jiri Fischer.
9:26 of 1st period - Shot Misses the Net.
9:28 of 1st period - Snap shot by Sean Bergenheim.
9:28 of 1st period - Stopped by Rick DiPietro with a rebound.
10:01 of 1st period - Ryan Wilson is hit by Michael Haley.
10:05 of 1st period - Lubomir Visnovsky is hit by Mike Comrie and loses puck.
10:12 of 1st period - Snap shot by Andreas Nodl.
10:12 of 1st period - Shot Misses the Net.
10:30 of 1st period - Slapshot by Alex Picard.
10:30 of 1st period - Shot Misses the Net.
10:32 of 1st period - Slapshot by Ryan Whitney.
10:32 of 1st period - Stopped by Rick DiPietro without a rebound.
10:33 of 1st period - Tyler Seguin wins face-off versus Pavel Datsyuk in Blue Jackets zone.
10:38 of 1st period - Slapshot by Sean Bergenheim.
10:38 of 1st period - Shot Hit the Post.
10:50 of 1st period - Slapshot by Phil Kessel.
10:50 of 1st period - Stopped by Rick DiPietro with a rebound.
11:05 of 1st period - Snap shot by Peter Mueller.
11:05 of 1st period - Stopped by James Reimer with a rebound.
11:07 of 1st period - Snap shot by Dennis Wideman.
11:07 of 1st period - Shot Misses the Net.
11:27 of 1st period - Snap shot by Carson Mcmillan.
11:27 of 1st period - Shot Hit the Post.
11:29 of 1st period - Slapshot by Alex Picard.
11:29 of 1st period - Shot Blocked by Ryan Wilson.
11:33 of 1st period - Snap shot by Chris Kelly.
11:33 of 1st period - Stopped by Rick DiPietro without a rebound.
11:34 of 1st period - Pavel Datsyuk wins face-off versus Tyler Seguin in Blue Jackets zone.
12:11 of 1st period - Snap shot by Chris Kelly.
12:11 of 1st period - Shot Misses the Net.
12:13 of 1st period - Snap shot by Carson Mcmillan.
12:13 of 1st period - Shot Misses the Net.
12:30 of 1st period - Wrist shot by Mike Richards.
12:30 of 1st period - Shot Misses the Net.
13:09 of 1st period - Snap shot by Nate Thompson.
13:09 of 1st period - Goal by Nate Thompson - Blue Jackets : 1 - Red Wings : 2.
13:10 of 1st period - Mike Richards wins face-off versus Pavel Datsyuk in neutral zone.
13:19 of 1st period - Snap shot by Dennis Wideman.
13:19 of 1st period - Stopped by James Reimer without a rebound.
13:20 of 1st period - Mike Richards wins face-off versus Pavel Datsyuk in Red Wings zone.
14:18 of 1st period - Mike Lundin is hit by Adam Henrique and loses puck.
14:35 of 1st period - Brent Seabrook is hit by Mike Lundin and loses puck.
15:02 of 1st period - Snap shot by Marcus Nilson.
15:02 of 1st period - Shot Misses the Net.
15:04 of 1st period - Snap shot by Martin Havlat.
15:04 of 1st period - Stopped by James Reimer with a rebound.
15:08 of 1st period - Snap shot by Pavel Datsyuk.
15:08 of 1st period - Shot Misses the Net.
15:10 of 1st period - Snap shot by Martin Havlat.
15:10 of 1st period - Deflect By Brent Seabrook.
15:10 of 1st period - Shot Blocked by Adam Henrique.
15:10 of 1st period - Puck is out of play.
15:11 of 1st period - Mike Brown wins face-off versus Tyler Seguin in Red Wings zone.
15:20 of 1st period - Off-side.
15:21 of 1st period - Tyler Seguin wins face-off versus Mike Brown in neutral zone.
15:38 of 1st period - Backhand shot by Phil Kessel.
15:38 of 1st period - Shot Misses the Net.
15:40 of 1st period - Snap shot by Sean Bergenheim.
15:40 of 1st period - Shot Misses the Net.
15:42 of 1st period - Wrist shot by Tyler Seguin.
15:42 of 1st period - Stopped by Rick DiPietro without a rebound.
15:43 of 1st period - Chris Kelly wins face-off versus Mike Comrie in Blue Jackets zone.
15:46 of 1st period - Wrist shot by Alex Picard.
15:46 of 1st period - Shot Misses the Net.
15:48 of 1st period - Slapshot by Philip Samuelsson.
15:48 of 1st period - Deflect By Branislav Mezei.
15:48 of 1st period - Stopped by Rick DiPietro without a rebound.
15:49 of 1st period - Chris Kelly wins face-off versus Mike Comrie in Blue Jackets zone.
15:52 of 1st period - Wrist shot by Chris Kelly.
15:52 of 1st period - Deflect By Alex Picard.
15:52 of 1st period - Stopped by Rick DiPietro without a rebound.
15:53 of 1st period - Chris Kelly wins face-off versus Mike Comrie in Blue Jackets zone.
15:56 of 1st period - Snap shot by Alex Picard.
15:56 of 1st period - Stopped by Rick DiPietro with a rebound.
16:04 of 1st period - Snap shot by Chris Kelly.
16:04 of 1st period - Stopped by Rick DiPietro with a rebound.
16:16 of 1st period - Slapshot by Carson Mcmillan.
16:16 of 1st period - Shot Blocked by Branislav Mezei.
16:18 of 1st period - Slapshot by Philip Samuelsson.
16:18 of 1st period - Stopped by Rick DiPietro without a rebound.
16:19 of 1st period - Peter Mueller wins face-off versus Tyler Seguin in Blue Jackets zone.
16:28 of 1st period - David Booth is hit by Sean Bergenheim and loses puck.
17:53 of 1st period - Off-side.
17:54 of 1st period - Peter Mueller wins face-off versus Tyler Seguin in neutral zone.
18:15 of 1st period - Snap shot by Sean Bergenheim.
18:15 of 1st period - Stopped by Rick DiPietro with a rebound.
18:17 of 1st period - Snap shot by Ryan Whitney.
18:17 of 1st period - Stopped by Rick DiPietro without a rebound.
18:18 of 1st period - Mike Richards wins face-off versus Pavel Datsyuk in Blue Jackets zone.
18:22 of 1st period - Minor Penalty to Dennis Wideman for Hooking.
18:23 of 1st period - Mike Comrie wins face-off versus Mike Richards in Blue Jackets zone.
18:31 of 1st period - Martin Havlat is hit by Philip Samuelsson and loses puck.
19:57 of 1st period - Snap shot by Phil Kessel.
19:57 of 1st period - Shot Misses the Net.
Goals for this period are 1 for Blue Jackets vs 2 for Red Wings.
Shots for this period are 11 for Blue Jackets vs 18 for Red Wings.

2nd period


0:01 of 2nd period - Mike Comrie wins face-off versus Mike Richards in neutral zone.
0:22 of 2nd period - Penalty to Dennis Wideman is over, Dennis Wideman is back on ice.
0:26 of 2nd period - Martin Havlat is hit by Philip Samuelsson and loses puck.
0:58 of 2nd period - Slapshot by Peter Mueller.
0:58 of 2nd period - Stopped by James Reimer with a rebound.
1:00 of 2nd period - Slapshot by Mike Lundin.
1:00 of 2nd period - Shot Misses the Net.
1:12 of 2nd period - Wrist shot by Rostislav Olesz.
1:12 of 2nd period - Shot Misses the Net.
1:34 of 2nd period - Snap shot by Martin Havlat.
1:34 of 2nd period - Shot Misses the Net.
2:14 of 2nd period - Off-side.
2:15 of 2nd period - Tyler Seguin wins face-off versus Pavel Datsyuk in neutral zone.
2:48 of 2nd period - Snap shot by Phil Kessel.
2:48 of 2nd period - Stopped by Rick DiPietro with a rebound.
3:06 of 2nd period - Slapshot by Sean Bergenheim.
3:06 of 2nd period - Shot Misses the Net.
3:08 of 2nd period - Snap shot by Tyler Seguin.
3:08 of 2nd period - Shot Misses the Net.
3:10 of 2nd period - Slapshot by Jiri Fischer.
3:10 of 2nd period - Stopped by Rick DiPietro with a rebound.
3:47 of 2nd period - Minor Penalty to Branislav Mezei for Hooking.
3:48 of 2nd period - Chris Kelly wins face-off versus Mike Comrie in Blue Jackets zone.
4:40 of 2nd period - Adam Henrique is hit by Torey Krug and loses puck.
5:34 of 2nd period - Martin Havlat is hit by Ryan Whitney and loses puck.
5:45 of 2nd period - Philip Samuelsson is hit by Pavel Datsyuk and loses puck.
5:47 of 2nd period - Penalty to Branislav Mezei is over, Branislav Mezei is back on ice.
6:03 of 2nd period - Ryan Wilson is hit by Chris Kelly and loses puck.
6:46 of 2nd period - Michael Haley is hit by Andrew Gordon and loses puck.
7:24 of 2nd period - Icing by A.J Thelen.
7:25 of 2nd period - Sean Bergenheim wins face-off versus Mike Comrie in Blue Jackets zone.
7:30 of 2nd period - Snap shot by Mike Richards.
7:30 of 2nd period - Stopped by Rick DiPietro without a rebound.
7:31 of 2nd period - Mike Richards wins face-off versus Pavel Datsyuk in Blue Jackets zone.
7:42 of 2nd period - Snap shot by Pavel Datsyuk.
7:42 of 2nd period - Shot Blocked by Brent Seabrook.
7:46 of 2nd period - Wrist shot by Pavel Datsyuk.
7:46 of 2nd period - Shot Misses the Net.
8:09 of 2nd period - Wrist shot by Sean Bergenheim.
8:09 of 2nd period - Shot Blocked by Peter Mueller.
8:45 of 2nd period - Snap shot by Pavel Datsyuk.
8:45 of 2nd period - Shot Hit the Post.
8:47 of 2nd period - Snap shot by Martin Havlat.
8:47 of 2nd period - Stopped by James Reimer without a rebound.
8:48 of 2nd period - Mike Richards wins face-off versus Pavel Datsyuk in Red Wings zone.
9:13 of 2nd period - Mike Lundin is hit by Ryan Whitney.
9:20 of 2nd period - Off-side.
9:21 of 2nd period - Pavel Datsyuk wins face-off versus Tyler Seguin in neutral zone.
9:46 of 2nd period - Mike Comrie is hit by Philip Samuelsson and loses puck.
9:53 of 2nd period - Wrist shot by Mike Richards.
9:53 of 2nd period - Stopped by Rick DiPietro without a rebound.
9:54 of 2nd period - Pavel Datsyuk wins face-off versus Mike Richards in Blue Jackets zone.
9:58 of 2nd period - Off-side.
9:59 of 2nd period - Mike Richards wins face-off versus Pavel Datsyuk in neutral zone.
10:10 of 2nd period - Mike Lundin is hit by Adam Henrique and loses puck.
10:25 of 2nd period - Martin Havlat is hit by Carson Mcmillan and loses puck.
11:02 of 2nd period - Wrist shot by Martin Havlat.
11:02 of 2nd period - Shot Misses the Net.
11:04 of 2nd period - Wrist shot by Martin Havlat.
11:04 of 2nd period - Shot Misses the Net.
11:06 of 2nd period - Wrist shot by Martin Havlat.
11:06 of 2nd period - Shot Blocked by Philip Samuelsson.
11:08 of 2nd period - Slapshot by Mike Lundin.
11:08 of 2nd period - Shot Misses the Net.
11:10 of 2nd period - Wrist shot by Pavel Datsyuk.
11:10 of 2nd period - Stopped by James Reimer with a rebound.
11:12 of 2nd period - Slapshot by Dennis Wideman.
11:12 of 2nd period - Deflect By Sean Bergenheim.
11:12 of 2nd period - Stopped by James Reimer without a rebound.
11:13 of 2nd period - Peter Mueller wins face-off versus Mike Richards in Red Wings zone.
11:14 of 2nd period - Wrist shot by Mike Brown.
11:14 of 2nd period - Goal by Mike Brown - Blue Jackets : 2 - Red Wings : 2.
11:15 of 2nd period - Adam Henrique wins face-off versus Peter Mueller in neutral zone.
12:04 of 2nd period - Mike Lundin is hit by Lubomir Visnovsky.
12:24 of 2nd period - Snap shot by Mike Brown.
12:24 of 2nd period - Deflect By Mike Richards.
12:24 of 2nd period - Goal by Mike Brown - Blue Jackets : 3 - Red Wings : 2.
12:25 of 2nd period - Mike Richards wins face-off versus Pavel Datsyuk in neutral zone.
12:36 of 2nd period - Wrist shot by Mike Richards.
12:36 of 2nd period - Goal by Mike Richards - Blue Jackets : 3 - Red Wings : 3.
12:37 of 2nd period - Mike Richards wins face-off versus Pavel Datsyuk in neutral zone.
12:40 of 2nd period - Slapshot by Brent Seabrook.
12:40 of 2nd period - Goal by Brent Seabrook - Blue Jackets : 3 - Red Wings : 4.
12:41 of 2nd period - Mike Richards wins face-off versus Pavel Datsyuk in neutral zone.
12:49 of 2nd period - Off-side.
12:50 of 2nd period - Mike Richards wins face-off versus Marcus Nilson in neutral zone.
13:23 of 2nd period - Wrist shot by Martin Havlat.
13:23 of 2nd period - Shot Misses the Net.
13:59 of 2nd period - Wrist shot by Adam Henrique.
13:59 of 2nd period - Shot Misses the Net.
14:23 of 2nd period - Slapshot by Pavel Datsyuk.
14:23 of 2nd period - Shot Misses the Net.
14:25 of 2nd period - Wrist shot by Marcus Nilson.
14:25 of 2nd period - Shot Misses the Net.
14:27 of 2nd period - Slapshot by Mike Lundin.
14:27 of 2nd period - Deflect By Martin Havlat.
14:27 of 2nd period - Stopped by James Reimer without a rebound.
14:28 of 2nd period - Peter Mueller wins face-off versus Tyler Seguin in Red Wings zone.
14:55 of 2nd period - Chris Kelly is hit by Branislav Mezei and loses puck.
15:10 of 2nd period - Minor Penalty to Branislav Mezei for Hooking.
15:11 of 2nd period - Mike Comrie wins face-off versus Chris Kelly in Blue Jackets zone.
17:07 of 2nd period - Torey Krug is hit by Chris Kelly and loses puck.
17:10 of 2nd period - Penalty to Branislav Mezei is over, Branislav Mezei is back on ice.
17:22 of 2nd period - Snap shot by Nate Thompson.
17:22 of 2nd period - Stopped by Rick DiPietro without a rebound.
17:23 of 2nd period - Patrick O'Sullivan wins face-off versus Nate Thompson in Blue Jackets zone.
17:36 of 2nd period - Lubomir Visnovsky is hit by Rostislav Olesz and loses puck.
17:40 of 2nd period - Icing by Ales Hemsky.
17:41 of 2nd period - Nate Thompson wins face-off versus Peter Mueller in Red Wings zone.
19:13 of 2nd period - David Booth is hit by Brent Seabrook and loses puck.
19:42 of 2nd period - Snap shot by Nate Thompson.
19:42 of 2nd period - Stopped by Rick DiPietro with a rebound.
19:44 of 2nd period - Backhand shot by Brent Seabrook.
19:44 of 2nd period - Stopped by Rick DiPietro without a rebound.
19:45 of 2nd period - Pavel Datsyuk wins face-off versus Mike Richards in Blue Jackets zone.
Goals for this period are 2 for Blue Jackets vs 2 for Red Wings.
Shots for this period are 7 for Blue Jackets vs 9 for Red Wings.

3rd period


0:01 of 3rd period - Pavel Datsyuk wins face-off versus Phil Kessel in neutral zone.
0:14 of 3rd period - Wrist shot by Marcus Nilson.
0:14 of 3rd period - Stopped by James Reimer without a rebound.
0:15 of 3rd period - Peter Mueller wins face-off versus Mike Richards in Red Wings zone.
0:22 of 3rd period - Wrist shot by Peter Mueller.
0:22 of 3rd period - Shot Misses the Net.
0:24 of 3rd period - Wrist shot by Dennis Wideman.
0:24 of 3rd period - Stopped by James Reimer with a rebound.
0:26 of 3rd period - Snap shot by Dennis Wideman.
0:26 of 3rd period - Stopped by James Reimer without a rebound.
0:27 of 3rd period - Pavel Datsyuk wins face-off versus Tyler Seguin in Red Wings zone.
0:33 of 3rd period - Backhand shot by Mike Lundin.
0:33 of 3rd period - Deflect By Martin Havlat.
0:33 of 3rd period - Shot Misses the Net.
0:33 of 3rd period - Puck is out of play.
0:34 of 3rd period - Tyler Seguin wins face-off versus Pavel Datsyuk in Red Wings zone.
0:34 of 3rd period - Tyler Seguin is hit by Mike Lundin.
0:37 of 3rd period - Minor Penalty to Brent Seabrook for Hooking.
0:38 of 3rd period - David Booth wins face-off versus Michael Haley in Red Wings zone.
0:51 of 3rd period - Wrist shot by David Booth.
0:51 of 3rd period - Stopped by James Reimer with a rebound.
2:37 of 3rd period - Penalty to Brent Seabrook is over, Brent Seabrook is back on ice.
2:46 of 3rd period - Backhand shot by Mike York.
2:46 of 3rd period - Stopped by James Reimer with a rebound.
2:52 of 3rd period - Ryan Whitney is hit by Torey Krug and loses puck.
3:29 of 3rd period - Icing by Carson Mcmillan.
3:30 of 3rd period - Patrick O'Sullivan wins face-off versus Chris Kelly in Red Wings zone.
4:00 of 3rd period - Snap shot by Adam Henrique.
4:00 of 3rd period - Shot Misses the Net.
4:02 of 3rd period - Snap shot by Mike Richards.
4:02 of 3rd period - Stopped by Rick DiPietro without a rebound.
4:03 of 3rd period - Peter Mueller wins face-off versus Tyler Seguin in Blue Jackets zone.
4:12 of 3rd period - Snap shot by Mike Brown.
4:12 of 3rd period - Shot Misses the Net.
4:14 of 3rd period - Wrist shot by Torey Krug.
4:14 of 3rd period - Shot Blocked by Sean Bergenheim.
4:16 of 3rd period - Slapshot by Torey Krug.
4:16 of 3rd period - Deflect By Mike Brown.
4:16 of 3rd period - Shot Misses the Net.
4:16 of 3rd period - Puck is out of play.
4:17 of 3rd period - Pavel Datsyuk wins face-off versus Tyler Seguin in Red Wings zone.
4:55 of 3rd period - Off-side.
4:56 of 3rd period - Pavel Datsyuk wins face-off versus Chris Kelly in neutral zone.
6:37 of 3rd period - Off-side.
6:38 of 3rd period - Tyler Seguin wins face-off versus Pavel Datsyuk in neutral zone.
6:45 of 3rd period - Snap shot by Tyler Seguin.
6:45 of 3rd period - Shot Blocked by Pavel Datsyuk.
6:47 of 3rd period - Snap shot by Tyler Seguin.
6:47 of 3rd period - Stopped by Rick DiPietro without a rebound.
6:48 of 3rd period - Martin Havlat wins face-off versus Tyler Seguin in Blue Jackets zone.
7:11 of 3rd period - Slapshot by Phil Kessel.
7:11 of 3rd period - Stopped by Rick DiPietro with a rebound.
7:13 of 3rd period - Snap shot by Tyler Seguin.
7:13 of 3rd period - Shot Misses the Net.
7:15 of 3rd period - Slapshot by Brent Seabrook.
7:15 of 3rd period - Shot Misses the Net.
7:17 of 3rd period - Snap shot by Sean Bergenheim.
7:17 of 3rd period - Stopped by Rick DiPietro without a rebound.
7:18 of 3rd period - Mike Richards wins face-off versus Peter Mueller in Blue Jackets zone.
7:31 of 3rd period - Slapshot by David Booth.
7:31 of 3rd period - Shot Misses the Net.
7:33 of 3rd period - Wrist shot by Peter Mueller.
7:33 of 3rd period - Stopped by James Reimer without a rebound.
7:34 of 3rd period - Tyler Seguin wins face-off versus Pavel Datsyuk in Red Wings zone.
7:47 of 3rd period - Slapshot by Philip Samuelsson.
7:47 of 3rd period - Shot Blocked by Mike Lundin.
7:49 of 3rd period - Slapshot by Ole-Kristian Tollefsen.
7:49 of 3rd period - Shot Misses the Net.
7:51 of 3rd period - Slapshot by Sean Bergenheim.
7:51 of 3rd period - Stopped by Rick DiPietro with a rebound.
8:52 of 3rd period - Slapshot by Dennis Wideman.
8:52 of 3rd period - Stopped by James Reimer with a rebound.
8:54 of 3rd period - Slapshot by Dennis Wideman.
8:54 of 3rd period - Deflect By Mike Comrie.
8:54 of 3rd period - Shot Misses the Net.
8:54 of 3rd period - Puck is out of play.
8:55 of 3rd period - Tyler Seguin wins face-off versus Mike York in Red Wings zone.
9:04 of 3rd period - Slapshot by Torey Krug.
9:04 of 3rd period - Stopped by James Reimer with a rebound.
9:06 of 3rd period - Wrist shot by Mike Comrie.
9:06 of 3rd period - Shot Misses the Net.
9:16 of 3rd period - Minor Penalty to Philip Samuelsson for Hooking.
9:17 of 3rd period - Chris Kelly wins face-off versus Pavel Datsyuk in Red Wings zone.
10:09 of 3rd period - Ole-Kristian Tollefsen is hit by Mike Brown and loses puck.
11:16 of 3rd period - Penalty to Philip Samuelsson is over, Philip Samuelsson is back on ice.
11:29 of 3rd period - Adam Henrique is hit by Mike Lundin and loses puck.
11:47 of 3rd period - Off-side.
11:48 of 3rd period - Patrick O'Sullivan wins face-off versus Nate Thompson in neutral zone.
11:59 of 3rd period - Wrist shot by Andrew Gordon.
11:59 of 3rd period - Stopped by James Reimer with a rebound.
12:40 of 3rd period - Wrist shot by Ole-Kristian Tollefsen.
12:40 of 3rd period - Shot Blocked by Torey Krug.
12:42 of 3rd period - Slapshot by Philip Samuelsson.
12:42 of 3rd period - Shot Blocked by Torey Krug.
12:52 of 3rd period - Carson Mcmillan is hit by Martin Havlat and loses puck.
12:57 of 3rd period - Snap shot by Martin Havlat.
12:57 of 3rd period - Shot Misses the Net.
12:59 of 3rd period - Wrist shot by Marcus Nilson.
12:59 of 3rd period - Stopped by James Reimer without a rebound.
13:00 of 3rd period - Tyler Seguin wins face-off versus Pavel Datsyuk in Red Wings zone.
13:16 of 3rd period - Wrist shot by Martin Havlat.
13:16 of 3rd period - Stopped by James Reimer with a rebound.
13:40 of 3rd period - Phil Kessel is hit by Andreas Nodl and loses puck.
13:49 of 3rd period - Sean Bergenheim is hit by Mike Comrie.
14:09 of 3rd period - Slapshot by Phil Kessel.
14:09 of 3rd period - Shot Misses the Net.
14:11 of 3rd period - Wrist shot by Phil Kessel.
14:11 of 3rd period - Stopped by Rick DiPietro without a rebound.
14:12 of 3rd period - Mike Richards wins face-off versus Pavel Datsyuk in Blue Jackets zone.
14:47 of 3rd period - Off-side.
14:48 of 3rd period - Mike Richards wins face-off versus Peter Mueller in neutral zone.
14:58 of 3rd period - Backhand shot by Peter Mueller.
14:58 of 3rd period - Stopped by James Reimer without a rebound.
14:59 of 3rd period - Mike Richards wins face-off versus Pavel Datsyuk in Red Wings zone.
15:24 of 3rd period - Philip Samuelsson is hit by Mike York and loses puck.
15:29 of 3rd period - Slapshot by Andreas Nodl.
15:29 of 3rd period - Shot Blocked by Philip Samuelsson.
15:31 of 3rd period - Snap shot by Mike York.
15:31 of 3rd period - Blue Jackets goal is going for a video replay.
15:31 of 3rd period - The goal is good.
15:31 of 3rd period - Goal by Mike York - Blue Jackets : 4 - Red Wings : 4.
15:32 of 3rd period - Chris Kelly wins face-off versus Mike Comrie in neutral zone.
15:37 of 3rd period - Slapshot by Jiri Fischer.
15:37 of 3rd period - Stopped by Rick DiPietro with a rebound.
16:37 of 3rd period - Off-side.
16:38 of 3rd period - Patrick O'Sullivan wins face-off versus Nate Thompson in neutral zone.
16:41 of 3rd period - Snap shot by Andrew Gordon.
16:41 of 3rd period - Stopped by James Reimer without a rebound.
16:42 of 3rd period - Patrick O'Sullivan wins face-off versus Nate Thompson in Red Wings zone.
17:09 of 3rd period - Slapshot by Brent Seabrook.
17:09 of 3rd period - Shot Misses the Net.
18:05 of 3rd period - Slapshot by Brent Seabrook.
18:05 of 3rd period - Stopped by Rick DiPietro without a rebound.
18:06 of 3rd period - Mike Comrie wins face-off versus Chris Kelly in Blue Jackets zone.
18:17 of 3rd period - Slapshot by Dennis Wideman.
18:17 of 3rd period - Stopped by James Reimer with a rebound.
18:28 of 3rd period - Icing by Mike Lundin.
18:29 of 3rd period - Mike Richards wins face-off versus Pavel Datsyuk in Blue Jackets zone.
18:30 of 3rd period - Snap shot by Adam Henrique.
18:30 of 3rd period - Stopped by Rick DiPietro with a rebound.
19:51 of 3rd period - Snap shot by Mike Comrie.
19:51 of 3rd period - Shot Misses the Net.
Goals for this period are 1 for Blue Jackets vs 0 for Red Wings.
Shots for this period are 15 for Blue Jackets vs 9 for Red Wings.

Overtime #1


0:01 of 1st overtime period - Pavel Datsyuk wins face-off versus Mike Richards in neutral zone.
0:11 of 1st overtime period - Slapshot by Pavel Datsyuk.
0:11 of 1st overtime period - Deflect By David Booth.
0:11 of 1st overtime period - Goal by David Booth - Blue Jackets : 5 - Red Wings : 4.
Goals for this period are 1 for Blue Jackets vs 0 for Red Wings.
Shots for this period are 1 for Blue Jackets vs 0 for Red Wings.